 Dungeon Crawl Stone Soup version 0.19.0-23-gf02e663 (webtiles) character file.

124 oshikia the Slasher (level 4, -5/35 HPs)
             Began as a Demonspawn Gladiator on Nov 19, 2016.
             Slain by Grinder (9 damage)
             ... while paralysed by Grinder
             ... on level 3 of the Dungeon on Nov 20, 2016.
             The game lasted 00:07:05 (2082 turns).

oshikia the Slasher (Demonspawn Gladiator)          Turns: 2082, Time: 00:07:05

Health: -5/35      AC:  5    Str: 15    XL:     4   Next: 81%
Magic:  4/4        EV:  2    Int: 10    God:
Gold:   105        SH:  0    Dex: 17    Spells: 0 memorised, 3 levels left

rFire  + . .     SeeInvis .     a - +0 long sword
rCold  . . .     Gourm    .     b - +0 leather armour
rNeg   . . .     Faith    .     (no shield)
rPois  .         Spirit   .     c - +0 helmet
rElec  .         Reflect  .     (no cloak)
rCorr  .         Harm     .     m - +0 pair of gloves
MR     .....                    (no boots)
Stlth  +.........               (no amulet)
                                s - +3 ring of dexterity (curse)
                                h - ring of protection from fire

@: paralysed
A: powered by death 1
a: no special abilities


You were on level 3 of the Dungeon.
You were very hungry.

You visited 1 branch of the dungeon, and saw 3 of its levels.

You collected 105 gold pieces.

Inventory:

Hand Weapons
 a - a +0 long sword (weapon)
Armour
 b - a +0 leather armour (worn)
 c - a +0 helmet (worn)
 m - a +0 pair of gloves (worn)
Jewellery
 h - a ring of protection from fire (left hand)
 s - a cursed +3 ring of dexterity (right hand)
Scrolls
 e - 2 scrolls of enchant armour {unknown}
 i - a scroll of random uselessness {unknown}
 l - a scroll of recharging {unknown}
 p - 2 scrolls of fear {unknown}
 r - a scroll of remove curse {unknown}
Potions
 g - 2 potions of curing
 k - a potion of heal wounds
Comestibles
 f - 3 bread rations
 o - a beef jerky


   Skills:
 + Level 3.1 Fighting
 * Level 4.0 Long Blades
 - Level 1.7 Throwing
 + Level 3.3 Dodging


You had 3 spell levels left.
You didn't know any spells.

Dungeon Overview and Level Annotations

Branches:
Dungeon (3/15)

Altars:

Annotations:
D:3 Grinder


Innate Abilities, Weirdness & Mutations

You regenerate a little health from kills.


Message History

Aim: Grinder (heavily wounded)
You throw a throwing net. The throwing net barely misses Grinder.
Grinder gestures at you. Pain shoots through your body!
You hit Grinder.
Grinder is heavily wounded.
Grinder blinks!
You hit Grinder.
Grinder is heavily wounded.
Grinder says, "I used to sell toenails on the black market."
Grinder gestures at you.
You suddenly lose the ability to move!
Grinder hits you!
* * * LOW HITPOINT WARNING * * *
Grinder hits you.
* * * LOW HITPOINT WARNING * * *
You writhe in agony.
* * * LOW HITPOINT WARNING * * *
Grinder hits you!
You die...

#............+.......^
####.########.###........
#....# ..# #...)....
#.##.# #+######........
##.#######................
#..##....#...............<
##.##.##.#.............†..
#....##5#(..........##...
#######.@......(.... #.##
###..........( #..
########### #.. #.. #.


You could see Grinder.

Vanquished Creatures
  Terence (D:2)
  Robin (D:2)
  3 adders
  An ooze (D:2)
  2 dart slugs
  2 giant cockroaches
  13 goblins
  8 hobgoblins
  4 jackals
  A quokka (D:2)
  4 bats
  3 frilled lizards
  4 kobolds
  3 rats
50 creatures vanquished.

Notes
Turn   | Place    | Note
-------+----------+-------------------------------------------
     0 | D:1      | oshikia the Demonspawn Gladiator began the quest for the Orb.
     0 | D:1      | Reached XP level 1. HP: 16/16 MP: 1/1
   157 | D:1      | Reached skill level 3 in Long Blades
   172 | D:1      | Gained mutation: You regenerate a little health from kills. [demonic ancestry]
   172 | D:1      | Reached XP level 2. HP: 22/22 MP: 2/2
   931 | D:2      | Noticed Terence
  1247 | D:1      | Reached XP level 3. HP: 16/28 MP: 3/3
  1420 | D:2      | Killed Terence
  1487 | D:2      | Reached XP level 4. HP: 31/34 MP: 4/4
  1493 | D:2      | Noticed Robin
  1511 | D:2      | Killed Robin
  1700 | D:2      | Reached skill level 4 in Long Blades
  2046 | D:3      | Noticed Grinder
  2052 | D:3      | Paralysed by Grinder for 3 turns
  2058 | D:3      | Gained mutation: You are resistant to hostile enchantments. (MR+) [potion of beneficial mutation]
  2059 | D:3      | Lost mutation: You are resistant to hostile enchantments. (MR+) [potion of cure mutation]
  2064 | D:3      | Paralysed by Grinder for 2 turns
  2079 | D:3      | Paralysed by Grinder for 7 turns
  2082 | D:3      | Slain by Grinder

Skill      XL: |  1  2  3  4 |
---------------+-------------+-----
Long Blades    | 3 4 |  4.0
Dodging        | 3 |  3.3
Fighting       | 3 |  3.1
Throwing       | |  1.7

Action                   |  1- 3 |  4- 6 || total
-------------------------+-------+-------++-------
Melee: Long sword        |    73 |    69 ||   142
Throw: Throwing net      |       |     3 ||     3
  Use: Potion            |       |     5 ||     5
 Stab: Held in net/web   |       |     1 ||     1
  Eat: Chunk             |     2 |     1 ||     3
Armor: Leather armour    |    17 |    21 ||    38
Dodge: Dodged            |    47 |    64 ||   111
       Rpst.: Long sword |    12 |    22 ||    34
